 Dungeon Crawl Stone Soup version 0.32-a0-666-ge8a88695a4 (webtiles) character file.

Game seed: 16987465025980561126

44 cforsyth the Grave Robber (level 3, -2/23 (30) HPs)
             Began as a Mountain Dwarf Necromancer on Mar 9, 2024.
             Slain by Terence
             ... wielding the +7 Throatcutter {drain, coup de grace}
              (5 damage)
             ... on level 2 of the Dungeon.
             The game lasted 00:02:46 (1835 turns).

cforsyth the Grave Robber (MDNe)                    Turns: 1835, Time: 00:02:46

HP:   -2/23 (30)    AC:  5    Str: 12    XL:     3   Next: 41%
MP:   0/5           EV: 10    Int: 15    God:
Gold: 108           SH:  0    Dex: 10    Spells: 4/5 levels left

rFire   . . .        j - +0 club
rCold   . . .        (no shield)
rNeg    . . .        i - +0 ring mail
rPois   .            (no helmet)
rElec   .            (no cloak)
rCorr   .            (no gloves)
SInv    .            (no boots)
Will    .....        (no amulet)
Stlth   +            (no ring)
HPRegen 0.23/turn    (no ring)
MPRegen 0.09/turn

%: no passive effects
@: weak-willed, heavily drained
A: runic magic, artefact enchanting
a: no special abilities


You were on level 2 of the Dungeon.
You visited 1 branch of the dungeon, and saw 3 of its levels.

You collected 108 gold pieces.


Innate Abilities, Weirdness & Mutations

Your spellcasting is much less encumbered by armour.
You can use scrolls of enchantment on lesser artefacts.


   Skills:
 + Level 2.3 Fighting
 - Level 1.3 Dodging
 - Level 1.4 Stealth
 - Level 1.7 Spellcasting
 + Level 5.1 Necromancy


You had 4 spell levels left.
You knew the following spells:

 Your Spells              Type           Power      Damage    Failure   Level
X - Necrotise             Necr           64%        1d7       3%          1

Your spell library contained the following spells:

 Spells                   Type           Power      Damage    Failure   Level
 Vampiric Draining        Necr           16%        2d7       11%         3
 Apportation              Tloc           2%         N/A       28%         1
 Magic Dart               Conj           4%         1d3       28%         1
 Sting                    Conj/Alch      4%         1d3       28%         1
 Summon Small Mammal      Summ           4%         N/A       28%         1
 Animate Dead             Necr           16%        N/A       34%         4
 Blink                    Tloc           2%         N/A       38%         2
 Call Imp                 Summ           2%         N/A       38%         2
 Curse of Agony           Necr           16%        N/A       67%         5

Inventory:

Hand Weapons
 j - a +0 club (weapon)
Armour
 a - a +0 robe
 i - a +0 ring mail (worn)
Jewellery
 C - a ring of ice
Scrolls
 d - a scroll of torment {unknown}
 f - a scroll of identify {unknown}
Potions
 b - a potion of magic
 e - 2 potions of heal wounds {unknown}
 g - a potion of cancellation {unknown}

Dungeon Overview and Level Annotations

Branches:
Dungeon (3/15)

Altars:

Shops:
D:1 ?

Annotations:
D:2 1 runed translucent door, Crazy Yiuf, Terence
D:3 Jessica

######### #.......#
#.#####.# ##### #.#
#.#
#...###.#####.#####
#..................
#...###.#####....##
##@# #.# #.....#
#####@####.# #....##
#.......##.......#.##
#.###.#.##########.#
#.# #.#.# #.# #.#
#.#.# ##'## #.# #.#.#
##...## #.###.#.##
##.....# #........##
##.......
#####.#...####........


You could see Terence (weak-willed).


Message History

Terence writhes in agony.
Terence hits you with the +7 Throatcutter!
* * * LOW HITPOINT WARNING * * *
You feel drained.
* * * LOW HITPOINT WARNING * * *
You are too injured to fight recklessly!
You are too injured to fight recklessly!
You are too injured to fight recklessly!
You are too injured to fight recklessly!
You are too injured to fight recklessly!
You are too injured to fight recklessly!
Press: ? - help, v - describe, . - travel
Here: Terence, wielding the +7 Throatcutter {drain, coup de grace} and wearing a +0 scale mail (heavily wounded)
The floor.
Unknown command.
Okay, then.
You feel better.
Terence shouts, "ATTACK!!!"
Terence hits you with the +7 Throatcutter!
Ouch! That really hurt!
* * * LOW HITPOINT WARNING * * *
You feel drained.
* * * LOW HITPOINT WARNING * * *
Unknown command.
As you read the scroll labelled JAHEANW APUZ, it crumbles to dust.
A wave of despondency washes over your surroundings.
It was a scroll of vulnerability.
Terence hits you with the +7 Throatcutter.
You die...
Terence says, "Rest in peace."

Skill      XL: |  1  2 |
---------------+-------+-----
Fighting       | 1 2 |  2.3
Necromancy     | 5 |  5.1
Dodging        | |  1.3
Stealth        | |  1.4
Spellcasting   | |  1.7

Action                     || total
---------------------------++-------
  Melee: Unarmed           ||    29
   Cast: Necrotise         ||    50
    Use: Potion            ||     3
         Scroll            ||     2
 Armour: Robe              ||    29
         Skin              ||    15
         Ring mail         ||     6
  Dodge: Dodged            ||    23

Levels and vault maps discovered:
D:1:      minmay_arrival_hallway, layout_basic, serial_shops, shop,
          nicolae_concentric_dashed_squares_wild
D:2:      layout_loops_corners, ebering_ecumenical_altar_sacrificial,
          fountainhead, kennysheep_nub, uniq_terence, uniq_crazy_yiuf_cottage
D:3:      layout_loops_cross, serial_shops, shop, uniq_jessica

Notes
Turn   | Place    | Note
-------+----------+-------------------------------------------
     0 | D:1      | cforsyth the Mountain Dwarf Necromancer began the quest for
                  | the Orb.
     0 | D:1      | Reached XP level 1. HP: 14/14 MP: 3/3
   104 | D:1      | Found Goel Biu's Magic Scroll Shoppe.
   274 | D:1      | Reached skill level 1 in Fighting
   274 | D:1      | Reached XP level 2. HP: 18/23 MP: 1/4
   566 | D:1      | Reached skill level 2 in Fighting
   581 | D:1      | Reached skill level 5 in Necromancy
   581 | D:1      | Reached XP level 3. HP: 29/29 MP: 3/5
  1089 | D:2      | Found a faded altar of an unknown god.
  1139 | D:2      | Found a runed translucent door.
  1140 | D:2      | Noticed Crazy Yiuf
  1361 | D:2      | Noticed Terence
  1526 | D:3      | Noticed Jessica
  1835 | D:2      | Slain by Terence

Vanquished Creatures
  A gnoll (D:1)
  A dart slug (D:1)
  2 ball pythons (D:1)
  4 bats
  An endoplasm (D:2)
  2 giant cockroaches
  4 goblins
  3 hobgoblins (D:1)
  3 jackals (D:3)
  A quokka (D:2)
  2 frilled lizards (D:1)
  A kobold (D:1)
  2 rats (D:2)
27 creatures vanquished.

Table legend: (Time is in decaauts)
 A = Elapsed time spent in this place.
 B = Non-inter-level travel time spent in this place.
 C = Inter-level travel time spent in this place.
 D = Time resting spent in this place.
 E = Time spent auto-exploring this place.
 F = Levels seen in this place.
 G = Mean time per level.
                   A        B        C        D        E       F      G
               +--------+--------+--------+--------+--------+-----+--------+
         Total |   1836 |   1617 |    219 |      0 |   1360 |   3 |  612.0 |
       Dungeon |   1836 |   1617 |    219 |      0 |   1360 |   3 |  612.0 |
               +--------+--------+--------+--------+--------+-----+--------+

Top non-repeatable levels by time:
     D:2: 920 daAuts
     D:1: 795 daAuts
     D:3: 121 daAuts

Table legend:
 A = Non-vault XP
 B = Vault XP
 C = Vault XP percentage of total XP
 D = Non-vault monster count
 E = Vault monster count
 F = Vault count percentage of total count
                 A         B        C        D         E       F
            +---------+---------+-------+---------+---------+-------
      Total |      64 |       0 |   0.0 |      27 |       0 |   0.0
            +---------+---------+-------+---------+---------+-------
        D:1 |      44 |       0 |   0.0 |      16 |       0 |   0.0
        D:2 |      14 |       0 |   0.0 |       8 |       0 |   0.0
        D:3 |       6 |       0 |   0.0 |       3 |       0 |   0.0
            +---------+---------+-------+---------+---------+-------
